 Dungeon Crawl Stone Soup version 0.27.1-33-g824d729ab1 (webtiles) character file.

Game seed: 3267647730581044982

84 Descartes the Sneak (level 4, -1/21 HPs)
             Began as a Felid Delver on Nov 28, 2021.
             Killed from afar by an orc wizard (4 damage)
             ... with a magic dart
             ... on level 3 of the Dungeon.
             The game lasted 00:06:05 (4185 turns).

Descartes the Sneak (Felid Delver)                  Turns: 4185, Time: 00:06:06

Health: -1/21      AC:  1    Str:  9    XL:     4   Next: 24%
Magic:  5/5        EV: 19    Int: 11    God:
Gold:   161        SH:  0    Dex: 17    Spells: 3/3 levels left
                                        Lives:  0   Deaths: 1

rFire    . . .     SeeInvis +     - Unarmed
rCold    . . .     Faith    .   (shield unavailable)
rNeg     . . .     Spirit   .   (armour unavailable)
rPois    .         Reflect  .   (helmet unavailable)
rElec    .         Harm     .   (cloak unavailable)
rCorr    .         Rampage  .   (gloves unavailable)
Will     .....                  (boots unavailable)
Stlth    ++........             (no amulet)
HPRegen  0.07/turn              (no ring)
MPRegen  0.09/turn              (no ring)

@: confused, quick
A: very small, claws 1, fangs 3, see invisible, speed 1, shaggy fur 1, stealthy
paws, no weapons or thrown items, no armour, multi-lived
a: no special abilities


You were on level 3 of the Dungeon.
You visited 1 branch of the dungeon, and saw 5 of its levels.

You collected 161 gold pieces.

Inventory:

Missiles
 i - 99 stones
Wands
 e - a wand of digging (3)
Scrolls
 a - 2 scrolls of fog
 b - a scroll of magic mapping
 c - 2 scrolls of fear
 f - 2 scrolls of amnesia {unknown}
 h - a scroll of summoning {unknown}
 j - a scroll of identify {unknown}
 l - a scroll of enchant armour {unknown}
 m - a scroll of noise {unknown}
Potions
 d - a potion of haste
 g - a potion of resistance {unknown}
 k - 2 potions of degeneration {unknown}
 n - 2 potions of curing {unknown}


   Skills:
 - Level 3.0 Fighting
 + Level 4.5 Dodging
 + Level 7.8 Stealth
 + Level 3.3 Unarmed Combat


You had 3 spell levels left.
You didn't know any spells.
Your spell library contained the following spells:

 Spells                   Type           Power      Damage    Failure   Level
 Shock                    Conj/Air       0%         1d3       34%         1
 Summon Small Mammal      Summ           0%         N/A       34%         1
 Call Canine Familiar     Summ           0%         N/A       71%         3
 Summon Guardian Golem    Hex/Summ       0%         N/A       71%         3
 Swiftness                Air            0%         N/A       71%         3
 Airstrike                Air            0%         N/A       98%         4


Dungeon Overview and Level Annotations

Branches:
Dungeon (5/15)
 Temple: D:4-7

Altars:

Shops:
D:4 [

Annotations:
D:4 Robin


Innate Abilities, Weirdness & Mutations

You have sharp claws.
You have razor-sharp teeth.
You have supernaturally acute eyesight. (SInv)
You cover ground quickly. (Speed+)
You are covered in fur. (AC +1)
Your paws help you pounce on unaware monsters.
You are incapable of wielding weapons or throwing items.
You cannot wear armour.
You gain extra lives every three experience levels.


Message History

You scratch the orc priest.
You kill the orc priest!
The orc wizard hits you but does no damage.
Welcome back to level 4!
You barely miss the orc wizard.
The orc wizard is moderately wounded.
The orc wizard hits you with a +0 dagger.
You closely miss the orc wizard.
The orc wizard is moderately wounded.
The orc wizard hits you with a +0 dagger.
You scratch the orc wizard.
The orc wizard is heavily wounded.
The orc wizard hits you with a +0 dagger.
You closely miss the orc wizard.
The orc wizard is heavily wounded.
The orc wizard misses you.
You closely miss the orc wizard.
The orc wizard is heavily wounded.
The orc wizard gestures at you while chanting.
The puff of flame hits you!
* * * LOW HITPOINT WARNING * * *
You scratch the orc wizard but do no damage.
The orc wizard is heavily wounded.
The orc wizard completely misses you.
You closely miss the orc wizard.
The orc wizard is heavily wounded.
You scratch the orc wizard.
The orc wizard is almost dead.
The orc wizard hits you with a +0 dagger.
* * * LOW HITPOINT WARNING * * *
You scratch the orc wizard but do no damage.
The orc wizard is almost dead.
The orc wizard casts a spell at you.
You are confused.
You bump into the rock wall.
The orc wizard barely misses you.
You completely miss the orc wizard.
The orc wizard is almost dead.
The orc wizard gestures at you while chanting.
The magic dart hits you.
You die...

#.#...### #.# #####.#####.
#.#.#.#####.# ### #.
#.#......##.# ########.
####.#.#.##....# #####........
.#.#.#....#.#########.....#####..
.....#..............#.....## #..
.#.)##............#.#......# ###
.#o<###.........).#........#
....)..........o@†.......#.####
##################............#
#.......####.# #........# #.#
#........# #.# #........# #.#
#........###.# #............#
#.......####.#


You could see an orc wizard (invisible).

Vanquished Creatures
  An orc priest (D:3)
  A hound (D:4)
  3 adders (D:2)
  A dart slug (D:1)
  3 orcs
  7 ball pythons
  3 endoplasms
  2 giant cockroaches (D:3)
  7 hobgoblins
  2 quokkas (D:2)
  7 bats
  5 frilled lizards
  8 goblins
  4 kobolds
  4 rats
58 creatures vanquished.

Vanquished Creatures (others)
  2 plants (D:2)
2 creatures vanquished.

Grand Total: 60 creatures vanquished

Notes
Turn   | Place    | Note
-------+----------+-------------------------------------------
     0 | D:5      | Descartes the Felid Delver began the quest for the Orb.
     0 | D:5      | Reached XP level 1. HP: 10/10 MP: 2/2
    31 | D:4      | Noticed a hound
    31 | D:4      | Found Jungat's Antique Armour Boutique.
    34 | D:4      | Killed a hound
    35 | D:4      | Reached skill level 7 in Stealth
    35 | D:4      | Reached XP level 2. HP: 14/14 MP: 3/3
    51 | D:4      | Reached XP level 3. HP: 17/17 MP: 4/4
    57 | D:4      | Identified the +0 tower shield "Owuschog" {Dex+2 Stlth+}
    91 | D:4      | Noticed Robin
  2156 | D:2      | Reached XP level 4. HP: 21/21 MP: 5/5
  3027 | D:2      | Found a faded altar of an unknown god.
  4161 | D:3      | Killed from afar by an orc priest
  4162 | D:3      | Reached XP level 3. HP: -3/17 MP: 4/4
  4175 | D:3      | Reached XP level 4. HP: 21/21 MP: 5/5
  4185 | D:3      | Killed from afar by an orc wizard

Illustrated notes

Levels and vault maps discovered:
D:1:      wheals_arrival_linesprint, layout_loops_corners,
          hangedman_decor_lopped, minivault_5, hangedman_decor_peaks_small
D:2:      layout_loops_cross, shapermc_ecumenical_altar_petra,
          roderic_roman_lattice
D:3:      layout_basic
D:4:      minmay_clustersquares, layout_gridville, serial_shops,
          nicolae_stop_n_shop_1, serial_park_tiny_2, palyth_stone_intersect,
          st_stairs_13, kennysheep_generic_room_7, uniq_blork_the_orc,
          uniq_natasha, uniq_robin
D:5:      cheibrodos_helix_gallery, layout_loops_ring,
          minmay_temple_entry_enclosed_plants, minmay_misc_feat_plants,
          nicolae_specific_store, nrook_loot_triangle, minmay_misc_feat_pillars

Skill      XL: |  1  2  3  4 |
---------------+-------------+-----
Dodging        | 3 4 |  4.5
Stealth        | 7 |  7.8
Unarmed Combat | 3 |  3.3
Fighting       | |  3.0

Action                   |  1- 3 |  4- 6 || total
-------------------------+-------+-------++-------
Melee: Unarmed           |    68 |    89 ||   157
       Bite              |       |     7 ||     7
 Stab: Sleeping          |    14 |     6 ||    20
Armor: Skin              |     3 |     1 ||     4
Dodge: Dodged            |    33 |    68 ||   101
